 Dungeon Crawl Stone Soup version 0.29-a0-22-gbf593b16ee (webtiles) character file.

Game seed: 9278026525772019680

151535 shoop the Imperceptible (level 17, -13/128 HPs)
             Began as a Vampire Delver on Jan 28, 2022.
             Was a Follower of Jiyva.
             Killed by an exploding shock serpent (41 damage)
             ... ignited by their inner flame
             ... on level 3 of the Snake Pit on Jan 29, 2022.
             The game lasted 02:28:40 (42041 turns).

shoop the Imperceptible (Vampire Delver)           Turns: 42041, Time: 02:28:41

Health: -13/128    AC: 16    Str: 17    XL:     17   Next: 1%
Magic:  0/29       EV: 18    Int: 20    God:    Jiyva [*.....]
Gold:   2651       SH: 16    Dex: 16    Spells: 22/32 levels left

rFire   . . .      SeeInvis +   a - +1 rapier (elec)
rCold   + . .      Faith    .   n - +3 warlock's mirror {reflect}
rNeg    . . .      Spirit   +   q - +3 leather armour
rPois   .          Reflect  +   s - +0 helmet
rElec   .          Harm     .   v - +2 cloak {rC+}
rCorr   +          Rampage  .   b - +2 pair of gloves of Thoughtfulness {rCorr SInv}
Will    +....                   j - +1 pair of boots
Stlth   ++++++++..              w - brooch of Shielding {Spirit SH+8}
HPRegen 1.31/turn               u - +6 ring of strength
MPRegen 0.46/turn               h - ring of protection from fire

@: mighty, lethally poisoned (-13 -> -16), marked, healing quickly, studying
Necromancy, fire susceptible
A: alive, fangs 3, see invisible, vampiric 2
a: Exsanguinate, Renounce Religion


You were on level 3 of the Snake Pit.
You worshipped Jiyva.
Jiyva was aware of your devotion.
You visited 6 branches of the dungeon, and saw 28 of its levels.
You also visited: Bailey, Ice Cave and Volcano.

You collected 3092 gold pieces.
You spent 441 gold pieces at shops.

Inventory:

Hand Weapons
 a - a +1 rapier of electrocution (weapon)
Missiles
 m - 11 throwing nets (quivered)
Armour
 b - the +2 pair of gloves of Thoughtfulness (worn) {rCorr SInv}
   (You found it on level 11 of the Dungeon)

   SInv:      It lets you see invisible.
   rCorr:     It protects you from acid and corrosion.
 j - a +1 pair of boots (worn)
 n - the +3 warlock's mirror (worn) {reflect}
   (You acquired it on level 1 of the Snake Pit)

   It can block and reflect piercing ranged attacks and magical attacks against
   the wielder's willpower.
 q - a +3 leather armour (worn)
 s - a +0 helmet (worn)
 v - a +2 cloak of cold resistance (worn)
 x - a +2 robe of resistance
Jewellery
 h - a ring of protection from fire (right hand)
 u - a +6 ring of strength (left hand)
 w - the brooch of Shielding (around neck) {Spirit SH+8}
   (You found it on level 5 of the Dungeon)

   [amulet of guardian spirit]

   It causes incoming damage to be divided between your reserves of health and
   magic.
   SH:        It affects your SH (+8).
 A - a ring of magical power
 U - a +6 ring of intelligence
 X - a ring of willpower
Wands
 g - a wand of digging (24)
 J - a wand of iceblast (6)
 N - a wand of acid (10)
 O - a wand of polymorph (11)
 W - a wand of paralysis (15)
Scrolls
 c - 2 scrolls of fog
 d - 3 scrolls of magic mapping
 e - 3 scrolls of fear
 l - 2 scrolls of summoning
 r - 9 scrolls of teleportation
 y - 4 scrolls of silence
 z - 2 scrolls of enchant armour
 F - 5 scrolls of enchant weapon
 K - a scroll of vulnerability
 L - a scroll of torment
 M - a scroll of acquirement
 P - 3 scrolls of immolation
 Q - 2 scrolls of holy word
 Z - 4 scrolls of blinking
Potions
 f - 8 potions of haste
 i - 4 potions of might
 k - 3 potions of flight
 o - a potion of ambrosia
 p - 5 potions of lignification
 t - 6 potions of magic
 B - a potion of resistance
 C - 5 potions of attraction
 D - 2 potions of cancellation
 E - 6 potions of heal wounds {unknown}
 G - 7 potions of curing {unknown}
 H - 3 potions of mutation
 I - 5 potions of brilliance
 R - a potion of invisibility
Miscellaneous
 S - a box of beasts
 T - a piece from Xom's chessboard (15/15)
 V - a tin of tremorstones (2/2)
 Y - a phial of floods


   Skills:
 - Level 10.2 Fighting
 - Level 14.0 Short Blades
 - Level 4.0 Armour
 - Level 13.3 Dodging
 - Level 22.6 Stealth
 + Level 3.5 Shields
 - Level 8.0 Spellcasting
 - Level 10.0 Hexes
 - Level 7.0 Transmutations
 - Level 2.0 Earth Magic
 - Level 8.2 Evocations


You had 22 spell levels left.
You knew the following spells:

 Your Spells              Type           Power      Damage    Failure   Level
a - Tukima's Dance        Hex            48%        N/A       1%          3
c - Yara's Violent Unrav  Hex/Tmut       21%        3d10      11%         5
p - Passwall              Tmut/Erth      21%        N/A       3%          2

Your spell library contained the following spells:

 Spells                   Type           Power      Damage    Failure   Level
 Wereblood                Tmut           36%        N/A       1%          2
 Dazzling Flash           Conj/Hex       56%        N/A       4%          3
 Inner Flame              Hex/Fire       28%        N/A       4%          3
 Summon Guardian Golem    Hex/Summ       28%        N/A       4%          3
 Sandblast                Erth           32%        2d9       6%          1
 Leda's Liquefaction      Hex/Erth       16%        N/A       11%         4
 Foxfire                  Conj/Fire      32%        2x1d5     13%         1
 Magic Dart               Conj           32%        1d4       13%         1
 Pain                     Necr           32%        1d5       13%         1
 Call Imp                 Summ           8%         N/A       21%         2
 Scorch                   Fire           16%        2d5       21%         2
 Sublimation of Blood     Necr           8%         N/A       21%         2
 Blade Hands              Tmut           18%        N/A       21%         5
 Stone Arrow              Conj/Erth      24%        3d8       26%         3
 Conjure Flame            Conj/Fire      8%         6-21      36%         3
 Frozen Ramparts          Ice            16%        1d3       36%         3
 Gell's Gravitas          Tloc           8%         N/A       36%         3
 Lesser Beckoning         Tloc           8%         N/A       36%         3
 Mephitic Cloud           Conj/Pois/Air  8%         N/A       36%         3
 Ozocubu's Armour         Ice            8%         N/A       36%         3
 Teleport Other           Tloc           8%         N/A       36%         3
 Metabolic Englaciation   Hex/Ice        14%        N/A       43%         5
 Summon Mana Viper        Hex/Summ       28%        N/A       43%         5
 Animate Armour           Summ/Erth      24%        N/A       65%         4
 Irradiate                Conj/Tmut      11%        3d17      65%         5
 Airstrike                Air            4%         N/A       78%         4
 Flame Wave               Conj/Fire      8%         2d5       78%         4
 Hailstorm                Conj/Ice       8%         3d4       78%         4
 Iskenderun's Mystic Bla  Conj/Tloc      8%         2d4       78%         4
 Passage of Golubria      Tloc           8%         N/A       78%         4
 Summon Lightning Spire   Summ/Air       8%         N/A       78%         4
 Lee's Rapid Deconstruct  Erth           8%         3d8*      85%         5
 Statue Form              Tmut/Erth      17%        N/A       97%         6
 Agony                    Necr           8%         N/A       98%         5
 Excruciating Wounds      Necr           4%         N/A       98%         5
 Lightning Bolt           Conj/Air       4%         1d15      98%         5
 Dragon Form              Tmut           18%        N/A       99%         7
 Starburst                Conj/Fire      4%         6d3       100%        6
 Summon Cactus Giant      Summ           4%         N/A       100%        6
 Orb of Destruction       Conj           4%         9d5       100%        7
 Spellforged Servitor     Conj/Summ      4%         N/A       100%        7
 Summon Hydra             Summ           4%         N/A       100%        7
 Lehudib's Crystal Spear  Conj/Erth      6%         10d3      100%        8


Dungeon Overview and Level Annotations

Branches:
Dungeon (15/15)            Temple (1/1) D:5            Lair (6/6) D:10
 Shoals (0/4) Lair:2        Snake (2/4) Lair:4        Slime (0/5) Lair:6
    Orc (2/2) D:9             Elf (1/3) Orc:2        Vaults (0/5) D:14
 Bailey (visited)           IceCv (visited)         Volcano (visited)
 Depths: D:15

Altars:
Cheibriados
Dithmenos
Fedhas
Gozag
Hepliaklqana
Makhleb
Nemelex Xobeh
Okawaru
Qazlal
Ru
Sif Muna
Trog
Uskayaw
Vehumet
Wu Jian
Xom
Zin
The Shining One
Beogh
Ignis
Jiyva

Shops:
D:8 (   D:9 :   D:10 (   D:13 *   D:14 *   Orc:2 [=[*   Snake:1 (**(?

Annotations:
D:3 Natasha
D:4 exclusions: centaur, orc priest and orc wizard
D:5 exclusions: 3 lemures, 2 ogres and 1 more exclusion, Ijyb, Menkaure
D:11 exclusion: hydra
D:15 exclusion: door
Lair:1 exclusion: black mamba
Lair:2 exclusions: 2 death yaks and water moccasin
Lair:4 1 runed translucent door, exclusions: cane toad and hydra, SkeletonJelly's ghost, journeyman DsMo


Innate Abilities, Weirdness & Mutations

Your natural rate of healing is accelerated.
You have razor-sharp teeth.
You have supernaturally acute eyesight. (SInv)
You are afflicted with vampirism and can become a bat while bloodless.


Message History

Flame seeps out of the black mamba.
The black mamba is moderately wounded.
The black mamba twists and deforms.
The unravelling engulfs the black mamba!!
Flame seeps out of the black mamba.
The black mamba is heavily wounded.
The black mamba twists and deforms.
The unravelling engulfs the black mamba!!
Flame seeps out of the black mamba.
The black mamba is heavily wounded.
You feel very sick.
The black mamba is engulfed in blazing flames.
Flame seeps out of the black mamba.
The black mamba misses you.
The black mamba is engulfed in blazing flames.
Flame seeps out of the black mamba.
The shock serpent misses you.
The black mamba is engulfed in blazing flames.
Flame seeps out of the black mamba.
The black mamba is engulfed in blazing flames.
Flame seeps out of the black mamba.
The shock serpent misses you.
The naga mage gestures at the black mamba while chanting.
The black mamba seems to grow toxic.
The black mamba is engulfed in blazing flames.
The black mamba explodes!
The fiery explosion engulfs the shock serpent!!
The fiery explosion engulfs the black mamba!!
The fiery explosion engulfs the naga mage!!!
You kill the naga mage!
The fiery explosion engulfs the black mamba!!
Flame seeps out of the black mamba.
The black mamba is severely wounded.
The fiery explosion engulfs the black mamba!!
The black mamba explodes!
The fiery explosion engulfs the black mamba!!
The black mamba explodes!
The fiery explosion engulfs you!!
* * * LOW HITPOINT WARNING * * *
You feel a bit more experienced.
The black mamba explodes!
The shock serpent explodes!
The fiery explosion engulfs you!!!
You die...

#... #..# ###.
#..###....
##.........
#..........
#....# ..
#...## ...
###..## ....
#@#..## #....
##§○○..##.....
#§§○§§........
#§##..NS......
## ###N.......
#S.###...
#SN.. .
.......
..###.?S#


You could see an anaconda, a black mamba (inner flame, curare), a naga mage
(inner flame) and 2 nagas.

Vanquished Creatures
  A stone giant (Volcano)
  A fire dragon (Lair:6)
  6 hydras
  3 boulder beetles
  2 catoblepae
  2 naga warriors
  8 centaur warriors
  A tengu warrior (D:15)
  A death yak (Lair:4)
  3 two-headed ogres
  3 shock serpents
  An orc high priest (Orc:2)
  A naga sharpshooter (Snake:1)
  Sonja (Lair:6)
  2 naga ritualists
  A wizard (D:14)
  A phantasmal warrior (D:15)
  2 orc knights
  4 mana vipers
  3 deep elf pyromancers
  A necromancer (IceCv)
  3 oklob plants (Lair:6)
  3 lindwurms
  3 salamanders
  3 orc sorcerers (Orc:2)
  12 ugly things
  3 manticores
  3 elephants (Lair:5)
  8 cyclopes
  13 black mambas
  2 molten gargoyles (Volcano)
  5 naga magi
  An ice statue (IceCv)
  2 gargoyles
  5 torpor snails (Lair:6)
  A cane toad (shapeshifter) (D:14)
  2 rime drakes
  2 kobold demonologists
  2 efreet
  15 cane toads
  10 komodo dragons
  2 unseen horrors
  4 freezing wraiths
  13 ice devils (IceCv)
  4 tengu conjurers (D:15)
  2 anaconda simulacra (IceCv)
  4 trolls
  3 polar bears
  3 tyrant leeches (Lair:6)
  Prince Ribbit (D:7)
  14 blink frogs
  A troll (shapeshifter) (D:14)
  22 slime creatures
  9 hornets
  11 dream sheep
  6 wraiths
  A vampire (D:14)
  9 spriggans
  2 fire elementals (Snake:1)
  6 wyverns
  2 dire elephant simulacra (IceCv)
  60 yaks
  5 basilisks
  5 death yak simulacra (IceCv)
  10 vampire mosquitoes
  2 harpy simulacra (IceCv)
  3 steam dragons
  11 nagas
  3 acid dragons
  13 water moccasins
  19 orc warriors
  4 sky beasts
  A hornet zombie (D:6)
  2 ice beasts
  5 black bears
  6 wolves
  11 ogres
  15 centaurs
  16 kobold brigands
  3 earth elementals (Volcano)
  7 bullfrogs
  A gnoll sergeant (D:10)
  2 cane toad simulacra (IceCv)
  2 two-headed ogre simulacra (IceCv)
  4 scorpions
  A wyvern skeleton (D:7)
  8 killer bees (D:7)
  5 elephant simulacra (IceCv)
  A howler monkey (D:8)
  8 electric eels
  5 centaur zombies
  3 hounds (D:5)
  4 jellies
  5 lava snakes (Volcano)
  15 orc priests
  3 gnoll shamans
  2 centaur skeletons
  Jessica (D:2)
  25 orc wizards
  5 iguanas
  13 hell rats
  6 polar bear simulacra (IceCv)
  2 spriggan simulacra (IceCv)
  2 wolf simulacra (IceCv)
  A troll simulacrum (IceCv)
  A killer bee zombie (D:9)
  A hound skeleton (D:5)
  A mummy (D:8)
  A howler monkey zombie (D:5)
  Robin (D:1)
  6 adders
  21 gnolls
  2 howler monkey skeletons
  3 shadow imps (D:6)
  13 white imps
  A worm (D:3)
  3 dart slugs
  34 orcs
  3 ball pythons
  8 endoplasms
  4 giant cockroaches
  14 goblins
  8 hobgoblins
  5 jackals (D:3)
  20 kobolds
  3 quokkas
  4 bats
  4 frilled lizards
  4 rats
  A spectral kobold (D:10)
756 creatures vanquished.

Vanquished Creatures (collateral kills)
  An orc high priest (Orc:2)
  3 orc sorcerers (Orc:2)
  An orc warrior (Orc:2)
  An orc (Orc:2)
  4 foxfires (D:8)
10 creatures vanquished.

Vanquished Creatures (others)
  8 dancing weapons
  A naga (Snake:1)
  A jelly (Snake:1)
  2 bushes (D:10)
  127 foxfires
  34 fungi
  48 plants
221 creatures vanquished.

Grand Total: 987 creatures vanquished

Notes
Turn   | Place    | Note
-------+----------+-------------------------------------------
     0 | D:5      | shoop the Vampire Delver began the quest for the Orb.
     0 | D:5      | Reached XP level 1. HP: 17/17 MP: 1/1
    27 | D:5      | Noticed an ice beast
    29 | D:4      | Noticed a black bear
    32 | D:4      | Killed a black bear
    33 | D:4      | Reached skill level 8 in Stealth
    33 | D:4      | Reached XP level 2. HP: 14/18 MP: 2/2
    33 | D:4      | Gained mutation: You are afflicted with vampirism and can
                  | become a bat while bloodless. [Vampire growth]
    33 | D:4      | Reached XP level 3. HP: 17/22 MP: 3/3
    33 | D:4      | Reached XP level 4. HP: 21/27 MP: 4/4
   122 | D:4      | Found a stormy altar of Qazlal.
   190 | D:3      | Noticed Natasha
   472 | D:1      | Found a faded altar of an unknown god.
  1001 | D:2      | Noticed Jessica
  1007 | D:2      | Killed Jessica
  1008 | D:2      | Reached skill level 9 in Stealth
  1008 | D:2      | Reached XP level 5. HP: 32/32 MP: 5/5
  1313 | D:2      | Noticed Robin
  2108 | D:1      | Killed Robin
  2109 | D:1      | Reached skill level 5 in Short Blades
  2309 | D:3      | Found a hide-covered altar of Uskayaw.
  2760 | D:3      | Reached XP level 6. HP: 35/37 MP: 6/6
  3107 | D:4      | Found a radiant altar of Vehumet.
  3149 | D:5      | Noticed Ijyb
  3167 | D:5      | Found a staircase to the Ecumenical Temple.
  3167 | D:5      | Noticed Menkaure
  3437 | D:5      | Found the brooch of Shielding {Spirit SH+8}
  3618 | D:5      | Noticed a sky beast
  3622 | D:5      | Killed a sky beast
  3623 | D:5      | Reached XP level 7. HP: 41/41 MP: 7/7
  5013 | Temple   | Entered the Ecumenical Temple
  5088 | Temple   | Became a worshipper of Ignis, the Dying Flame
  5169 | D:6      | Reached XP level 8. HP: 46/46 MP: 8/8
  5190 | D:6      | Reached skill level 1 in Armour
  5580 | D:6      | Reached skill level 1 in Evocations
  6102 | D:7      | Reached skill level 10 in Short Blades
  6134 | D:7      | Found a flagged portal.
  6273 | D:7      | Reached XP level 9. HP: 29/52 MP: 5/9
  6396 | Bailey   | Entered a bailey
  6499 | Bailey   | Reached skill level 5 in Fighting
  6499 | Bailey   | Reached skill level 5 in Dodging
  6527 | Bailey   | HP: 1/54 [ogre (5)]
  6544 | Bailey   | HP: 1/54 [ogre (1)]
  7054 | Bailey   | Noticed a two-headed ogre
  7071 | Bailey   | Found the +7 great mace "Firestarter" {inner flame, rF++}
  7529 | D:7      | Reached XP level 10. HP: 59/59 MP: 10/10
  7575 | D:7      | Reached skill level 10 in Dodging
  8217 | D:7      | Noticed Prince Ribbit
  8243 | D:7      | Killed Prince Ribbit
  8714 | D:8      | Noticed a two-headed ogre
  8741 | D:8      | Identified the +5 scale mail "Tiepex" {rPois rF+}
  8963 | D:8      | Found a snail-covered altar of Cheibriados.
  9182 | D:8      | Killed a two-headed ogre
  9183 | D:8      | Reached skill level 11 in Stealth
  9416 | D:8      | Found Ebruomoa's Antique Weapon Shop.
  9419 | D:8      | Noticed a two-headed ogre
  9436 | D:8      | Killed a two-headed ogre
  9437 | D:8      | Reached skill level 12 in Stealth
  9859 | D:8      | Reached skill level 13 in Stealth
 10381 | D:8      | Bought a glowing rapier for 168 gold pieces
 10399 | D:9      | Found Doceamol's Self-Improvement Boutique.
 10428 | D:9      | Noticed a boulder beetle
 10430 | D:9      | Reached skill level 14 in Stealth
 10469 | D:9      | HP: 2/59 [boulder beetle (20)]
 10471 | D:9      | Killed a boulder beetle
 10472 | D:9      | Reached XP level 11. HP: 2/64 MP: 1/11
 11467 | D:9      | Noticed a centaur warrior
 11483 | D:9      | Killed a centaur warrior
 11856 | D:9      | Identified the +0 plate armour of Imperfection {Rampage
                  | Int+2}
 12029 | D:9      | Identified the +3 flail "Yrchall" {vorpal, Stlth+}
 12312 | D:9      | Noticed a green ugly thing
 12415 | D:9      | Found a staircase to the Orcish Mines.
 13061 | D:10     | Entered Level 10 of the Dungeon
 13064 | D:10     | Found a staircase to the Lair.
 13462 | D:10     | Found Disiciw's Weapon Boutique.
 13589 | D:10     | Reached skill level 5 in Evocations
 13696 | D:10     | Found a hazy altar of Hepliaklqana.
 14303 | D:10     | Reached XP level 12. HP: 73/73 MP: 12/12
 14568 | D:11     | Found a transporter.
 14715 | Orc:1    | Entered Level 1 of the Orcish Mines
 14987 | Orc:2    | Entered Level 2 of the Orcish Mines
 15027 | Orc:2    | Found a staircase to the Elven Halls.
 15238 | Orc:2    | Found a runed translucent door.
 15988 | Lair:1   | Entered Level 1 of the Lair of Beasts
 17787 | Lair:2   | Found a staircase to the Shoals.
 17823 | Lair:2   | Noticed a six-headed hydra
 17868 | Lair:2   | Noticed a catoblepas
 17909 | Lair:2   | Killed a six-headed hydra
 17972 | Lair:2   | Reached skill level 10 in Fighting
 17988 | Lair:2   | Learned a level 3 spell: Tukima's Dance
 17997 | Lair:2   | Noticed a death yak
 17997 | Lair:2   | Noticed a death yak
 18183 | Lair:2   | Killed a catoblepas
 18184 | Lair:2   | Reached skill level 1 in Spellcasting
 18360 | Lair:2   | Found a dark tunnel.
 18365 | Volcano  | Entered a volcano
 18687 | Volcano  | Found a radiant altar of Vehumet.
 18711 | Volcano  | Noticed a stone giant
 18713 | Volcano  | Killed a stone giant
 18728 | Volcano  | Reached skill level 5 in Hexes
 18797 | Volcano  | Identified a scroll of acquirement
 18806 | Volcano  | Learned a level 5 spell: Yara's Violent Unravelling
 18806 | Volcano  | Reached XP level 13. HP: 82/82 MP: 16/19
 18807 | Volcano  | Reached skill level 5 in Spellcasting
 18807 | Volcano  | Reached skill level 5 in Transmutations
 18807 | Volcano  | Reached XP level 14. HP: 88/88 MP: 16/22
 19046 | Orc:2    | Reached skill level 10 in Hexes
 19913 | Orc:2    | Reached XP level 15. HP: 92/92 MP: 18/24
 20317 | Orc:2    | Found Jeilysho's General Store.
 20317 | Orc:2    | Found Reysk's Antique Armour Shoppe.
 20318 | Orc:2    | Found Huadoiwi's Armour Emporium.
 20322 | Orc:2    | Found Kurphai's Jewellery Emporium.
 20791 | Orc:2    | Bought a pair of embroidered boots for 240 gold pieces
 20829 | Orc:2    | Acquired Hoonnyl's Almanac of Enchantment and Cold
 23325 | Lair:4   | Reached skill level 15 in Stealth
 23334 | Lair:4   | Found a runed translucent door.
 23334 | Lair:4   | Noticed SkeletonJelly's ghost (journeyman DsMo)
 23411 | Lair:4   | Found a radiant altar of Vehumet.
 23586 | Lair:4   | Found a staircase to the Snake Pit.
 25073 | Lair:5   | Reached skill level 16 in Stealth
 25110 | Lair:5   | Identified the +8 hand axe of Exquisite Torment {drain,
                  | *Slow Will+ Str+2}
 25227 | Lair:6   | Entered Level 6 of the Lair of Beasts
 25902 | Lair:6   | Learned a level 2 spell: Passwall
 25968 | Lair:6   | Found a runed translucent door.
 26007 | Lair:6   | Identified the +5 lajatang "Xoocli" {vorpal, Will+ Dex+3}
 26063 | Lair:6   | Reached skill level 1 in Earth Magic
 26185 | Lair:6   | Noticed Sonja
 27421 | Lair:6   | Reached skill level 17 in Stealth
 28524 | D:11     | Found a viscous altar of Jiyva.
 29686 | D:11     | Found a transporter.
 30052 | D:12     | Reached skill level 18 in Stealth
 30242 | D:12     | Found a frozen archway.
 30402 | IceCv    | Entered an ice cave
 31009 | IceCv    | Found an ancient bone altar of Kikubaaqudgha.
 32343 | IceCv    | Reached XP level 16. HP: 63/97 MP: 20/28
 33196 | D:12     | Reached skill level 19 in Stealth
 34746 | D:11     | Identified the +2 pair of gloves of Thoughtfulness {rCorr
                  | SInv}
 34916 | D:13     | Upgraded the game from 0.29-a0-11-ga75d3d97ab to
                  | 0.29-a0-22-gbf593b16ee
 34970 | D:13     | Reached skill level 20 in Stealth
 35555 | D:13     | Found Linlaneek's General Store.
 36657 | D:14     | Found Wong's Assorted Antiques.
 36665 | D:14     | Bought a black potion for 33 gold pieces
 37555 | D:14     | Reached skill level 21 in Stealth
 37940 | D:14     | Identified the +0 robe of Gravitas {rElec Int+3 SInv}
 37974 | D:14     | Found a gate to the Vaults.
 38339 | D:15     | Entered Level 15 of the Dungeon
 39020 | D:15     | Reached skill level 22 in Stealth
 39771 | Elf:1    | Entered Level 1 of the Elven Halls
 40020 | Lair:6   | Killed Sonja
 40042 | Lair:6   | Found a staircase to the Slime Pits.
 40250 | D:11     | Fell from the grace of Ignis
 40250 | D:11     | Became a worshipper of Jiyva Joasokk the Shapeless
 40406 | Snake:1  | Entered Level 1 of the Snake Pit
 40584 | Snake:1  | Found Gykor's General Store.
 40584 | Snake:1  | Found Ziecvues's Weapon Emporium.
 40767 | Snake:1  | You fall into a shaft and drop 1 floor!
 41351 | Snake:1  | Found Jeer's Weapon Emporium.
 41521 | Snake:1  | Found Ekhlaent's Magic Scroll Shop.
 41549 | Snake:1  | Found Ciq Gath's Assorted Antiques.
 41550 | Snake:1  | Reached * piety under Jiyva
 41672 | Snake:1  | Acquired the +3 warlock's mirror {reflect}
 41672 | Snake:1  | Found the +3 warlock's mirror {reflect}
 41756 | Snake:2  | Reached skill level 1 in Shields
 41967 | Snake:2  | Reached XP level 17. HP: 81/128 MP: 21/29
 41985 | Snake:2  | You fall into a shaft and drop 1 floor!
 42041 | Snake:3  | Killed by an exploding shock serpent... ignited by their
                  | inner flame

Illustrated notes

Levels and vault maps discovered:
D:1:      scummos_arrival_checkerplants, layout_rooms, basic_ecumenical_altar
D:2:      layout_rooms, uniq_robin, uniq_jessica
D:3:      layout_loops_ring, mainiacjoe_overflow_catwalk, st_stairs_8,
          minmay_misc_feat_iff, uniq_natasha
D:4:      layout_rooms, nicolae_vehumet_altar_sigil, old_standard_altar,
          grunt_qazlal_clouds, lemuel_tele_altar, jmf_multi_god_temple,
          nrook_mini_backslash
D:5:      layout_layer_cave, temple_pool_b, uniq_ijyb, uniq_menkaure, uniq_pikel
D:6:      layout_rooms, minmay_misc_feat_plants
D:7:      layout_basic, mainiacjoe_overflow_chevrons, enter_bailey_2,
          uniq_prince_ribbit1
D:8:      black_bear_nest_2, layout_basic, slow_altar_1, serial_shops,
          nicolae_shop_overgrown_old_shop
D:9:      minmay_the_grid_plus [minmay_the_grid_broken_lines,
          minmay_the_grid_tree, minmay_the_grid_box_x,
          minmay_the_grid_stretched_grid,
          minmay_the_grid_prize_four_corners_diamond_b], layout_rooms,
          nicolae_shop_self_help
D:10:     layout_cave_pools, nicolae_hepliaklqana_monster_ancestors,
          minmay_lair_entry_grove, serial_shops, shop_statue
D:11:     gammafunk_jiyva_shrine, layout_long_grid, special_room
          [special_room_kobold], minmay_stone_trees_small
D:12:     layout_roguey, portal_ice_cave_entry_imps, mrwooster_statue_mirror
D:13:     layout_basic, serial_shops, nicolae_shop_advertising_works
          [nicolae_subvault_shop_adworks], grunt_decor_mini_mirrors,
          lemuel_old_faithful
D:14:     minmay_recursive_quarters, layout_loops_ring, david_vaults_1,
          minmay_misc_feat_encased, serial_shops, shop, serial_aquarium,
          aquarium_bridge_straight [aquarium_subvault_bridge,
          aquarium_subvault_window, aquarium_subvault_bridge,
          aquarium_subvault_window], aquarium_bridge_straight
          [aquarium_subvault_bridge, aquarium_subvault_wall,
          aquarium_subvault_bridge, aquarium_subvault_wall],
          aquarium_window_corridor_3, aquarium_window_fake, aquarium_view_2c,
          aquarium_pool_1
D:15:     grunt_enter_depths_snipers, layout_gridville, serial_park_tiny_2
Temple:   pdpol_scorched_temple
Lair:1:   layout_chaotic_city, wad_woods_03
Lair:2:   layout_cave_pods, shoals_dummy_entry, nicolae_volcano_entry_vermiform,
          minmay_holes
Lair:3:   layout_regular_city, grunt_forest_stairs_basic, ldierk_geyser,
          chequers_serial_rivers_small_b, gammafunk_lair_bear_cave
Lair:4:   layout_regular_city, guppyfry_snake_entry_island,
          hellmonk_ghost_happy_afterlife, basic_altar
Lair:5:   layout_small_grid, beast_lair_carwin_3, grunt_megastairs_4,
          serial_bayou_shore_b
Lair:6:   wormcave, layout_gridlike, minmay_slime_entry_oklob_enclosed,
          serial_bayou_lake_a, infiniplex_staircase_pool, uniq_sonja
Snake:1:  layout_rooms, serial_shops, shop, nicolae_lakefront_shop,
          nicolae_shop_hallway_plus, minmay_shoptagon, grunt_megastairs_5
Snake:2:  layout_chambers
Snake:3:  nicolae_snake_hallway, layout_onion
Orc:1:    layout_caves
Orc:2:    st_orc_mages, layout_caves, lightli_church_of_beogh
Elf:1:    elf_arrival_002, layout_gridlike, enter_trove_5,
          minmay_elf_demonology, hellmonk_guarded_unrand_damnation, uniq_donald,
          uniq_roxanne, uniq_azrael

Skill      XL: |  1  2  3  4  5  6  7  8  9 10 11 12 13 14 15 16 |
---------------+-------------------------------------------------+-----
Short Blades   | 3 4 5 7 9 10 11 13 14 | 14.0
Stealth        | 8 9 14 18 22 | 22.6
Fighting       | 3 4 5 8 10 | 10.2
Armour         | 2 4 |  4.0
Dodging        | 4 9 11 13 | 13.3
Evocations     | 2 3 5 8 |  8.2
Spellcasting   | 4 5 6 8 |  8.0
Hexes          | 7 9 10 | 10.0
Transmutations | 4 5 6 7 |  7.0
Earth Magic    | 2 |  2.0
Shields        | 3 |  3.5

Action                   |  1- 3 |  4- 6 |  7- 9 | 10-12 | 13-15 | 16-18 || total
-------------------------+-------+-------+-------+-------+-------+-------++-------
Melee: Short sword       |     2 |    55 |       |       |       |       ||    57
       Bite              |       |    19 |    33 |   205 |   196 |   147 ||   600
       Punch             |       |     3 |     1 |    26 |    25 |    11 ||    66
       Rapier            |       |   147 |   302 |  1313 |  1279 |   844 ||  3885
       Dagger            |       |       |       |    15 |       |       ||    15
Throw: Dart              |       |       |       |     4 |     1 |       ||     5
 Cast: Tukima's Dance    |       |       |       |       |    25 |     3 ||    28
       Passwall          |       |       |       |       |    37 |    45 ||    82
       Yara's Violent Un |       |       |       |       |     2 |     6 ||     8
Invok: Foxfire Swarm     |       |       |     2 |     4 |     1 |       ||     7
       Fiery Armour      |       |       |     1 |       |       |       ||     1
 Abil: Exsanguinate      |     1 |       |       |       |       |       ||     1
       Revivify          |       |       |       |       |       |     1 ||     1
Evoke: Wand              |       |       |       |     5 |     5 |       ||    10
  Use: Potion            |       |       |     3 |     1 |     1 |     1 ||     6
       Scroll            |       |       |     2 |     9 |    11 |     9 ||    31
 Stab: Sleeping          |     1 |    35 |    16 |    38 |    42 |    66 ||   198
       Distracted        |       |     2 |     2 |     5 |    11 |     5 ||    25
Armor: Leather armour    |       |    49 |    51 |   137 |   179 |   147 ||   563
Dodge: Dodged            |     2 |   106 |   106 |   488 |   504 |   328 ||  1534
Block: Other             |       |       |    84 |   266 |   300 |   193 ||   843
       Buckler           |       |       |       |       |       |    44 ||    44
       Reflection        |       |       |       |       |       |     3 ||     3

Table legend: (Time is in decaauts)
 A = Elapsed time spent in this place.
 B = Non-inter-level travel time spent in this place.
 C = Inter-level travel time spent in this place.
 D = Time resting spent in this place.
 E = Time spent auto-exploring this place.
 F = Levels seen in this place.
 G = Mean time per level.
                   A        B        C        D        E       F      G
               +--------+--------+--------+--------+--------+-----+--------+
         Total |  40553 |  36964 |   3589 |   5221 |  21164 |  31 | 1308.2 |
       Dungeon |  22695 |  20619 |   2076 |   3109 |  12003 |  15 | 1513.0 |
        Temple |     89 |     76 |     13 |      0 |     31 |   1 |   89.0 |
          Lair |   9462 |   8371 |   1091 |    587 |   5718 |   6 | 1577.0 |
     Snake Pit |   1515 |   1462 |     53 |      0 |   1030 |   3 |  505.0 |
  Orcish Mines |   3017 |   2663 |    354 |    479 |   1461 |   2 | 1508.5 |
   Elven Halls |      5 |      5 |      0 |      0 |      0 |   1 |    5.0 |
        Bailey |    733 |    733 |      0 |    191 |    175 |   1 |  733.0 |
      Ice Cave |   2599 |   2599 |      0 |    757 |    746 |   1 | 2599.0 |
       Volcano |    432 |    432 |      0 |     97 |      0 |   1 |  432.0 |
               +--------+--------+--------+--------+--------+-----+--------+

Top non-repeatable levels by time:
     D:8: 2975 daAuts
   IceCv: 2599 daAuts
  Lair:6: 2589 daAuts
     D:9: 2160 daAuts
   Orc:2: 2018 daAuts
     D:7: 1990 daAuts
    D:14: 1973 daAuts
     D:5: 1944 daAuts
    D:11: 1885 daAuts
    D:10: 1674 daAuts
    D:12: 1668 daAuts
  Lair:3: 1654 daAuts
    D:13: 1605 daAuts
  Lair:4: 1475 daAuts
  Lair:2: 1385 daAuts
